 Dungeon Crawl Stone Soup version 0.24-a0-251-g44e327e (webtiles) character file.

Game seed: 9636614738315241872

200 Borgoz the Cutter (level 6, -1/37 HPs)
             Began as a Kobold Gladiator on Apr 16, 2019.
             Slain by an orc
             ... wielding a +0 trident
              (8 damage)
             ... on level 3 of the Dungeon.
             The game lasted 00:04:16 (2317 turns).

Borgoz the Cutter (Kobold Gladiator)                Turns: 2317, Time: 00:04:16

Health: -1/37      AC:  5    Str: 14    XL:     6   Next: 7%
Magic:  6/6        EV: 17    Int:  9    God:
Gold:   184        SH:  0    Dex: 16    Spells: 5/5 levels left

rFire    . . .     SeeInvis .   n - +0 dagger (venom)
rCold    . . .     Gourm    .   (shield restricted)
rNeg     . . .     Faith    .   b - +0 leather armour
rPois    .         Spirit   .   c - +0 helmet
rElec    .         Reflect  .   (no cloak)
rCorr    .         Harm     .   s - +0 pair of gloves (curse)
MR       .....                  (no boots)
Stlth    ++........             (no amulet)
HPRegen  0.12/turn              (no ring)
MPRegen  0.10/turn              (no ring)

@: slowed, very slow
A: small, carnivore
a: no special abilities


You were on level 3 of the Dungeon.
You were very full.

You visited 1 branch of the dungeon, and saw 3 of its levels.

You collected 184 gold pieces.

Inventory:

Hand Weapons
 a - a +0 rapier
 n - a +0 dagger of venom (weapon)
Missiles
 d - 3 throwing nets (quivered)
Armour
 b - a +0 leather armour (worn)
 c - a +0 helmet (worn)
 s - a cursed +0 pair of gloves (worn)
Jewellery
 p - an uncursed ring of protection from magic {unknown}
Scrolls
 i - 2 scrolls of blinking {unknown}
 j - a scroll of remove curse {unknown}
 l - a scroll of immolation {unknown}
 m - 3 scrolls of identify {unknown}
 o - a scroll of teleportation {unknown}
 q - 2 scrolls of enchant weapon {unknown}
 t - a scroll of magic mapping {unknown}
Potions
 e - a potion of flight
 g - a potion of haste
 h - 2 potions of invisibility
 k - a potion of cancellation
 u - a potion of might {unknown}
Comestibles
 f - 9 rations


   Skills:
 + Level 3.1 Fighting
 + Level 6.4 Short Blades
 + Level 2.2 Throwing
 + Level 1.1 Armour
 + Level 4.7 Dodging
 + Level 1.3 Stealth


You had 5 spell levels left.
You didn't know any spells.
Your spell library was empty.

Dungeon Overview and Level Annotations

Branches:
Dungeon (3/15)

Altars:
Elyvilon
Okawaru
Xom
Zin
The Shining One


Innate Abilities, Weirdness & Mutations

You are small and have problems with some larger weapons.
You are carnivorous and can eat meat at any time.


Message History

The orc wizard mumbles some strange words.
The orc wizard blinks!
The orc misses you.
The orc wizard gestures at you while chanting.
The magic dart hits you.
* * * LOW HITPOINT WARNING * * *
The orc wizard casts a spell.
The orc wizard blinks!
You hit the orc but do no damage.
The orc looks even sicker.
The orc wizard hits you but does no damage.
You hit the orc but do no damage.
The orc looks as sick as possible!
The orc is lightly wounded.
The orc misses you.
The orc wizard hits you but does no damage.
The orc wizard closely misses you.
You barely miss the orc.
The orc is lightly wounded.
The orc wizard hits you but does no damage.
The orc wizard points at you and mumbles some strange words.
You feel yourself slow down. The orc hits you with a +0 trident!
You die...

##### #.........##### ....#
......##..# # ###.#
#.###.##..##### # #.# #########
#.......... # #.# #.8..8.8#
##.....#### # #.#### #8_..._.#
##.[...... # #....#
#.......########..##### # ####.#
#8.....)...8#.....# #.#
#._..o@o....'.##.## #.#
#8...o.....8####'## #.#
#.......#######...## # ### #.#
#8_..._.#.# ##.....## # ##.###.#
#.8$.8.8#.###.......###
#...##.############.##.........##
.....................'.........'.
#....#.#####.##...#.##.........##
##.#.### #.###.##.###(......###


You could see 2 orc wizards and an orc.

Vanquished Creatures
  Natasha (twice) (D:3)
  A worker ant (D:3)
  3 adders
  A worm (D:3)
  2 dart slugs
  3 leopard geckos
  6 orcs (D:3)
  8 giant cockroaches
  11 goblins
  9 hobgoblins
  7 jackals (D:2)
  10 bats
  4 frilled lizards
  5 kobolds
  11 rats
83 creatures vanquished.

Notes
Turn   | Place    | Note
-------+----------+-------------------------------------------
     0 | D:1      | Borgoz the Kobold Gladiator began the quest for the Orb.
     0 | D:1      | Reached XP level 1. HP: 12/12 MP: 1/1
   196 | D:1      | Reached XP level 2. HP: 16/17 MP: 2/2
   391 | D:1      | Reached XP level 3. HP: 21/22 MP: 3/3
   730 | D:2      | Reached skill level 5 in Short Blades
  1016 | D:2      | Reached XP level 4. HP: 27/27 MP: 4/4
  1066 | D:2      | Found a white marble altar of Elyvilon.
  1354 | D:3      | Noticed Natasha
  1364 | D:3      | Killed Natasha
  1364 | D:3      | Reached skill level 1 in Stealth
  1364 | D:3      | Reached XP level 5. HP: 20/32 MP: 5/5
  1414 | D:3      | Reached skill level 6 in Short Blades
  1925 | D:3      | Noticed Natasha
  1946 | D:3      | Killed Natasha
  2158 | D:3      | Reached skill level 1 in Armour
  2170 | D:3      | Reached XP level 6. HP: 37/37 MP: 6/6
  2290 | D:3      | Found a sacrificial altar of Ru.
  2292 | D:3      | Found a glowing golden altar of the Shining One.
  2292 | D:3      | Found a glowing silver altar of Zin.
  2294 | D:3      | Found a shimmering altar of Xom.
  2294 | D:3      | Found an iron altar of Okawaru.
  2294 | D:3      | Found a shimmering altar of Xom.
  2317 | D:3      | Slain by an orc

Levels and vault maps discovered:
D:1:      minmay_arrival_widening_spiral_wide, layout_loops_ring
D:2:      layout_rooms, elyvilon_altar_4
D:3:      layout_loops_corners, first_ration, doesnt_xom_only_xom, uniq_natasha

Skill      XL: |  1  2  3  4  5 |
---------------+----------------+-----
Dodging        | 4 |  4.7
Short Blades   | 5 6 |  6.4
Stealth        | 1 |  1.3
Fighting       | 3 |  3.1
Armour         | 1 |  1.1
Throwing       | |  2.2

Action                   |  1- 3 |  4- 6 || total
-------------------------+-------+-------++-------
Melee: Rapier            |    49 |       ||    49
       Dagger            |    50 |   182 ||   232
  Use: Potion            |       |     6 ||     6
 Stab: Sleeping          |     2 |     2 ||     4
  Eat: Chunk             |     5 |     7 ||    12
Armor: Leather armour    |    27 |    44 ||    71
Dodge: Dodged            |   106 |   111 ||   217

Table legend:
 A = Non-vault XP
 B = Vault XP
 C = Vault XP percentage of total XP
 D = Non-vault monster count
 E = Vault monster count
 F = Vault count percentage of total count
                 A         B        C        D         E       F
            +---------+---------+-------+---------+---------+-------
      Total |     252 |      35 |  12.2 |      82 |       1 |   1.2
            +---------+---------+-------+---------+---------+-------
        D:1 |      34 |       0 |   0.0 |      21 |       0 |   0.0
        D:2 |      56 |       0 |   0.0 |      25 |       0 |   0.0
        D:3 |     162 |      35 |  17.8 |      36 |       1 |   2.7
            +---------+---------+-------+---------+---------+-------
